Match 44046000
Unlisted

Match 44046000
End
Selects Air and Sea Battlegroup
Vickers Machine Gun Team
Construct Section Command Post
Royal Engineer Section
Infantry Section
Construct Field Infirmary
Royal Engineer Section
Infantry Section
Construct Platoon Command Post
6-pounder Anti-tank Gun Team
Selects Commando Section Paradrop
Selects M1 Pack Howitzer Paradrop
M1 Pack Howitzer Paradrop
6-pounder Anti-tank Gun Team
Grenade Package
CMP 15cwt Truck
Light Vehicle Training
CMP 15cwt Truck
Vickers Machine Gun Team
Selects Supply Surplus
Selects UNKNOWN (223837)
Elite Gamer Beef Chugger
Spartako
khon
GG Shermi
Gatom
frostie
0
0

Comments sign in to comment!

No comments posted yet!